 Dungeon Crawl Stone Soup version 0.30-a0-760-g5a9884bb7c (webtiles) character file.

Game seed: 11317111489444797492

69264 Lobster4 the Geomancer (level 14, -12/78 HPs)
             Began as a Deep Elf Earth Elementalist on Feb 11, 2023.
             Was the Champion of Vehumet.
             Engulfed by a cloud of flame (15 damage)
             ... on level 13 of the Dungeon.
             The game lasted 01:18:36 (24946 turns).

Lobster4 the Geomancer (DEEE)                      Turns: 24946, Time: 01:18:36

Health: -12/78     AC: 16    Str:  3    XL:     14   Next: 89%
Magic:  22/42      EV: 24    Int: 28    God:    Vehumet [******]
Gold:   1035       SH:  6    Dex: 23    Spells: 3/39 levels left

rFire   . . .      SeeInvis .    H - +3 long sword of Iptaocugh {vamp, rC+ rN+ Int+2}
rCold   + . .      Faith    .    J - +0 buckler
rNeg    + . .      Spirit   .    a - +2 leather armour {rPois}
rPois   +          Reflect  .    o - +2 helmet
rElec   +          Harm     .    k - +2 cloak {Stlth+}
rCorr   +          Rampage  .    r - +1 pair of gloves
Will    +....                    d - +1 pair of boots "Jog Fio" {rElec rCorr Str-2 Dex+8}
Stlth   +++++++                  n - amulet of magic regeneration
HPRegen 0.33/turn                X - +5 ring of evasion
MPRegen 0.68/turn                Q - ring of magical power

@: no status effects
A: no striking features
a: Renounce Religion


You were on level 13 of the Dungeon.
You worshipped Vehumet.
Vehumet was exalted by your worship.
You visited 4 branches of the dungeon, and saw 21 of its levels.

You collected 1726 gold pieces.
You spent 691 gold pieces at shops.

Inventory:

Hand Weapons
 D - a +1 sling of freezing
 H - the +3 long sword of Iptaocugh (weapon) {vamp, rC+ rN+ Int+2}
   (You found it on level 11 of the Dungeon)

   Int:       It affects your intelligence (+2).
   rC:        It protects you from cold.
   rN:        It protects you from negative energy.
Missiles
 h - 16 poisoned darts (quivered)
 E - 6 curare-tipped darts
 S - 2 throwing nets
Armour
 a - a +2 leather armour of poison resistance (worn)
 d - the +1 pair of boots "Jog Fio" (worn) {rElec rCorr Str-2 Dex+8}
   (You found it on level 9 of the Dungeon)

   Str:       It affects your strength (-2).
   Dex:       It affects your dexterity (+8).
   rElec:     It insulates you from electricity.
   rCorr:     It protects you from acid and corrosion.
 k - a +2 cloak of stealth (worn)
 o - a +2 helmet (worn)
 r - a +1 pair of gloves (worn)
 G - a +0 leather armour of willpower
 I - +0 steam dragon scales
 J - a +0 buckler (worn)
 W - a +2 leather armour of cold resistance
Magical Staves
 l - a staff of fire
Jewellery
 n - an amulet of magic regeneration (around neck)
 q - a +6 ring of strength
 y - a ring of protection from cold
 Q - a ring of magical power (right hand)
 X - a +5 ring of evasion (left hand)
Wands
 x - a wand of mindburst (22)
 z - a wand of roots (27)
 F - a wand of digging (9)
 N - a wand of flame (19)
 V - a wand of quicksilver (9)
Scrolls
 g - 7 scrolls of blinking
 i - 2 scrolls of amnesia
 m - 2 scrolls of fog
 p - a scroll of silence
 t - 3 scrolls of poison
 u - a scroll of immolation
 w - 3 scrolls of fear
 C - 5 scrolls of teleportation
 M - 2 scrolls of enchant weapon
 P - a scroll of acquirement
 R - 4 scrolls of magic mapping
 Z - a scroll of butterflies
Potions
 b - 2 potions of magic
 f - 3 potions of might
 j - 3 potions of brilliance
 v - a potion of berserk rage
 A - a potion of cancellation
 B - 6 potions of heal wounds
 K - 2 potions of ambrosia
 L - 4 potions of lignification
 O - 12 potions of curing
 T - 4 potions of flight
 U - 2 potions of resistance
 Y - 4 potions of invisibility
Miscellaneous
 c - a condenser vane
 e - a box of beasts


   Skills:
 + Level 5.6 Fighting
 - Level 2.0 Long Blades
 - Level 2.0 Staves
 - Level 3.0 Throwing
 - Level 5.0 Armour
 + Level 12.1 Dodging
 + Level 13.1 Stealth
 - Level 5.0 Shields
 + Level 13.2 Spellcasting
 + Level 10.9 Conjurations
 - Level 3.0 Translocations
 - Level 3.0 Transmutations
 - Level 3.0 Ice Magic
 - Level 3.0 Air Magic
 + Level 13.9 Earth Magic
 - Level 3.0 Evocations


You had 3 spell levels left.
You knew the following spells:

 Your Spells              Type           Power      Damage    Failure   Level
a - Magic Dart            Conj           100%       1d8       1%          1
b - Sandblast             Erth           100%       2d20      0%          1
c - Stone Arrow           Conj/Erth      100%       3d13      1%          3
d - Iron Shot             Conj/Erth      36%        9d7       1%          6
e - Iskenderun's Mystic   Conj/Tloc      55%        2d12      1%          4
f - Petrify               Tmut/Erth      60%        N/A       1%          4
g - Lee's Rapid Deconstr  Erth           38%        3d19*     1%          5
h - Iskenderun's Battles  Conj           68%        2d12      1%          5
i - Freezing Cloud        Conj/Ice/Air   25%        6-21      5%          5
j - Passwall              Tmut/Erth      50%        N/A       1%          2

Your spell library contained the following spells:

 Spells                   Type           Power      Damage    Failure   Level
 Ozocubu's Refrigeration  Ice            17%        4d11      98%         7
 Apportation              Tloc           70%        N/A       1%          1
 Dazzling Flash           Conj/Hex       98%        N/A       1%          3
 Mephitic Cloud           Conj/Pois/Air  44%        N/A       1%          3
 Kindle Blastsparks       Fire/Tloc/Air  58%        2d14      2%          3
 Ignite Poison            Fire/Tmut/Pois 24%        N/A       4%          3
 Ensorcelled Hibernation  Hex/Ice        52%        N/A       5%          2
 Necrotise                Necr           72%        1d7       7%          1
 Summon Small Mammal      Summ           72%        N/A       7%          1
 Call Imp                 Summ           18%        N/A       11%         2
 Portal Projectile        Hex/Tloc       52%        N/A       11%         3
 Spider Form              Tmut/Pois      26%        N/A       11%         3
 Call Canine Familiar     Summ           18%        N/A       21%         3
 Summon Guardian Golem    Hex/Summ       18%        N/A       21%         3
 Tukima's Dance           Hex            18%        N/A       21%         3
 Vampiric Draining        Necr           18%        2d7       21%         3
 Fulminant Prism          Conj/Hex       24%        3d12      1%          4
 Leda's Liquefaction      Hex/Erth       27%        N/A       3%          4
 Yara's Violent Unravell  Hex/Tmut       13%        3d7       26%         5
 Starburst                Conj/Fire      24%        6d8       28%         6
 Blade Hands              Tmut           17%        N/A       50%         5
 Anguish                  Hex/Necr       9%         N/A       56%         4
 Animate Dead             Necr           18%        N/A       56%         4
 Agony                    Necr           18%        N/A       88%         5
 Enfeeble                 Hex            9%         N/A       100%        7
 Haunt                    Necr/Summ      9%         N/A       100%        7
 Infestation              Necr           9%         N/A       100%        8


Dungeon Overview and Level Annotations

Branches:
Dungeon (13/15)            Temple (1/1) D:7            Lair (5/5) D:10
  Swamp (0/4) Lair:3       Spider (0/4) Lair:2        Slime (0/5) Lair:4
    Orc (2/2) D:9             Elf (0/3) Orc:2        Vaults (0/5) D:13

Altars:
Ashenzari
Cheibriados
Dithmenos
Elyvilon
Fedhas
Gozag
Hepliaklqana
Kikubaaqudgha
Makhleb
Nemelex Xobeh
Okawaru
Qazlal
Ru
Trog
Uskayaw
Vehumet
Wu Jian
Xom
Yredelemnul
Zin
The Shining One

Shops:
D:10 *   D:13 [   Orc:1 =   Orc:2 [*(=

Annotations:
Orc:1 3 runed translucent doors, Beavis's ghost, journeyman NaFE


Message History

The white ugly thing is heavily wounded.
The fiery explosion engulfs you!
You are engulfed in blazing flames.
The vault guard is engulfed in blazing flames.
Flame seeps out of the vault guard.
The vault guard is engulfed in blazing flames.
Flame seeps out of the vault guard.
The brown ugly thing is engulfed in blazing flames.
Flame seeps out of the brown ugly thing.
The white ugly thing is engulfed in blazing flames.
Flame seeps out of the white ugly thing.
Something barely misses you. Something hits you but does no damage.
The brown ugly thing is engulfed in blazing flames.
Flame seeps out of the brown ugly thing.
The white ugly thing is engulfed in blazing flames.
Flame seeps out of the white ugly thing.
The vault guard is engulfed in blazing flames.
Flame seeps out of the vault guard.
Something hits you.
The white ugly thing is engulfed in blazing flames.
Vehumet accepts your kill.
The white ugly thing explodes!
The fiery explosion engulfs you!
The fiery explosion engulfs something!
Vehumet accepts your kill.
Reactivating autopickup.
You feel a bit more experienced.
The unseen horror explodes!
The fiery explosion engulfs you!!
* * * LOW HITPOINT WARNING * * *
The brown ugly thing is engulfed in blazing flames.
Flame seeps out of the brown ugly thing.
Casting: Stone Arrow (safe; 1% risk of failure)
Confirm with . or Enter, or press ? or * to list all spells.
Aiming: Stone Arrow (safe; 1% risk of failure)
Press: ? - help, Shift-Dir - straight line, f - brown ugly thing
Aim: a brown ugly thing (flame, heavily wounded, inner flame, 78% to hit)
The stone arrow hits the brown ugly thing!!
Flame seeps out of the brown ugly thing.
The brown ugly thing is almost dead.
You are engulfed in blazing flames.
You die... .##### #....#....... .....# #....+...∩... ..>#.# #...(# ..... ##.#.# ##...## #...# #.#.# #...## pp§

#.#.# #..## ##○##
#.#.###.^## ##u§○##
##....?.=..####§§§§.##
.....####...##.§@§§..#
##.#....#.......§§.......
##.####....##############
...# #.#### #### #.# #.#
#.# ##.## ##.#.##


You could see a vault guard (inner flame) and a brown ugly thing (inner flame).

Vanquished Creatures
  2 orc warlords
  Josephine (D:12)
  Harold (D:9)
  3 hydras
  A catoblepas (Lair:4)
  Erica (Orc:1)
  2 two-headed ogres
  2 vault guards (D:13)
  A boulder beetle (Lair:3)
  4 orc high priests (Orc:2)
  Urug (D:10)
  Sonja (Lair:4)
  A skyshark (Lair:4)
  A lindwurm (Lair:5)
  4 orc knights (Orc:2)
  A deep elf pyromancer (D:13)
  5 ugly things
  4 orc sorcerers
  2 manticores
  6 cyclopes
  4 elephants (Lair:1)
  4 black mambas
  Maurice (D:8)
  A torpor snail (Lair:2)
  A kobold demonologist (D:12)
  Maggie (D:9)
  An unseen horror (D:13)
  16 cane toads
  3 rime drakes
  6 komodo dragons
  2 efreet (D:13)
  A tengu conjurer (D:13)
  7 trolls
  A polar bear (Lair:1)
  4 tyrant leeches (Lair:5)
  Grinder (D:3)
  5 dream sheep (Lair:5)
  25 blink frogs
  3 slime creatures (D:13)
  8 wraiths
  A shadow (D:10)
  56 yaks
  2 basilisks
  7 wyverns
  A vampire (D:9)
  Grum (D:9)
  4 steam dragons
  10 vampire mosquitoes
  2 wargs
  3 acid dragons
  Duvessa (D:7)
  17 water moccasins
  34 orc warriors
  A sky beast (D:7)
  3 black bears
  8 centaurs
  A boggart (D:9)
  20 wolves
  5 ogres
  A phantom (D:4)
  A kobold brigand (D:12)
  8 scorpions
  2 gnoll sergeants
  23 bullfrogs
  A necrophage (D:5)
  8 wights (D:8)
  Dowan (D:7)
  An electric eel (Lair:5)
  6 howler monkeys
  2 jellies
  4 hounds (D:5)
  30 orc priests
  5 iguanas
  An iron imp (D:10)
  A gnoll bouda (Orc:2)
  27 orc wizards
  8 gnolls
  10 adders
  A shadow imp (D:7)
  3 white imps
  2 ufetubi
  4 dart slugs
  3 worms
  89 orcs
  4 ball pythons
  15 endoplasms
  8 giant cockroaches
  10 goblins
  6 hobgoblins
  3 jackals
  7 quokkas
  5 bats
  4 frilled lizards
  7 kobolds
  5 rats
632 creatures vanquished.

Vanquished Creatures (others)
  An orc (Orc:2)
  82 fungi
  115 plants
198 creatures vanquished.

Grand Total: 830 creatures vanquished

Notes
Turn   | Place    | Note
-------+----------+-------------------------------------------
     0 | D:1      | Lobster4 the Deep Elf Earth Elementalist began the quest
                  | for the Orb.
     0 | D:1      | Reached XP level 1. HP: 10/10 MP: 6/6
   195 | D:1      | Reached XP level 2. HP: 15/15 MP: 6/8
   793 | D:1      | Reached XP level 3. HP: 19/19 MP: 7/9
   797 | D:1      | Learned a level 3 spell: Stone Arrow
   800 | D:1      | Learned a level 2 spell: Passwall
  1139 | D:2      | Reached skill level 1 in Conjurations
  1972 | D:3      | Identified the +0 leather armour "Wogam" {rC- rN+ Dex+4}
  1990 | D:3      | Reached XP level 4. HP: 21/24 MP: 4/11
  2013 | D:3      | Noticed Grinder
  2146 | D:3      | Found a faded altar of an unknown god.
  2445 | D:4      | Noticed a phantom
  2491 | D:4      | Reached skill level 1 in Armour
  2592 | D:4      | Noticed a scorpion
  2602 | D:4      | Killed a scorpion
  2603 | D:4      | Reached skill level 1 in Evocations
  2603 | D:4      | Reached XP level 5. HP: 28/28 MP: 9/12
  2868 | D:4      | Learned a level 1 spell: Magic Dart
  3261 | D:5      | Entered Level 5 of the Dungeon
  3349 | D:5      | Reached skill level 1 in Throwing
  3447 | D:5      | Reached skill level 1 in Staves
  3549 | D:5      | Reached XP level 6. HP: 31/32 MP: 4/13
  3963 | D:5      | Reached skill level 5 in Earth Magic
  4166 | D:5      | Reached XP level 7. HP: 36/36 MP: 11/15
  4543 | D:5      | Noticed a yak
  5197 | D:6      | Reached XP level 8. HP: 41/41 MP: 8/17
  5370 | D:6      | Reached skill level 5 in Spellcasting
  5502 | D:6      | You fall into a shaft and drop 3 floors!
  5628 | D:7      | Found a staircase to the Ecumenical Temple.
  5637 | Temple   | Entered the Ecumenical Temple
  5796 | Temple   | Became a worshipper of Vehumet
  5835 | D:7      | Reached skill level 5 in Stealth
  5842 | D:7      | Reached skill level 5 in Dodging
  6109 | D:7      | Reached XP level 9. HP: 45/45 MP: 17/19
  6207 | D:7      | Noticed Duvessa
  6208 | D:7      | Noticed Dowan
  6212 | D:7      | Killed Duvessa
  6215 | D:7      | Killed Dowan
  7523 | D:8      | Noticed Maurice
  7942 | D:8      | Reached * piety under Vehumet
  7942 | D:8      | Offered knowledge of Foxfire by Vehumet.
  8046 | D:8      | Reached skill level 5 in Conjurations
  8674 | D:8      | Reached XP level 10. HP: 50/50 MP: 9/22
  8761 | D:8      | Killed Maurice
  9171 | D:9      | Noticed Harold
  9194 | D:9      | Learned a level 4 spell: Petrify
  9253 | D:9      | Identified the +1 pair of boots "Jog Fio" {rElec rCorr
                  | Str-2 Dex+8}
  9275 | D:9      | Noticed Maggie
  9281 | D:9      | Killed Maggie
  9370 | D:9      | Identified the +4 scale mail of the Land of Plenty {+Inv
                  | rF+ rC+ Str+3}
  9481 | D:9      | Noticed a cyclops
  9484 | D:9      | Killed a cyclops
  9561 | D:9      | Noticed an eight-headed hydra
  9566 | D:9      | Killed an eight-headed hydra
  9685 | D:9      | Noticed a green ugly thing
  9693 | D:9      | Killed a green ugly thing
  9693 | D:9      | Reached ** piety under Vehumet
  9694 | D:9      | Reached skill level 10 in Earth Magic
  9790 | D:9      | Identified the +0 scale mail of the Yeti {rF+ Dex+4}
  9844 | D:9      | Offered knowledge of Searing Ray by Vehumet.
 10001 | D:9      | Killed Harold
 10047 | D:8      | Reached XP level 11. HP: 47/54 MP: 0/25
 10607 | D:3      | Killed Grinder
 11019 | D:4      | Offered knowledge of Ignite Poison by Vehumet.
 12056 | D:9      | Reached *** piety under Vehumet
 12518 | D:9      | Reached skill level 1 in Ice Magic
 12518 | D:9      | Reached skill level 1 in Air Magic
 12830 | D:9      | Noticed Grum
 12838 | D:9      | Killed Grum
 12999 | D:9      | Found a staircase to the Orcish Mines.
 13133 | D:10     | Entered Level 10 of the Dungeon
 13133 | D:10     | Noticed Urug
 13247 | D:10     | Noticed a two-headed ogre
 13252 | D:10     | Killed a two-headed ogre
 13266 | D:10     | Offered knowledge of Flame Wave by Vehumet.
 13357 | D:10     | Found Putiw's General Store.
 13610 | D:10     | Found a sacrificial altar of Ru.
 13710 | D:10     | Found a staircase to the Lair.
 13736 | D:10     | Killed Urug
 13979 | D:10     | Found a snail-covered altar of Cheibriados.
 14502 | D:11     | Reached skill level 10 in Spellcasting
 14590 | D:11     | Identified the +3 long sword of Iptaocugh {vamp, rC+ rN+
                  | Int+2}
 14633 | D:11     | Reached **** piety under Vehumet
 14634 | D:11     | Reached skill level 10 in Stealth
 14811 | D:11     | Reached XP level 12. HP: 52/59 MP: 23/28
 14814 | D:11     | Offered knowledge of Iskenderun's Battlesphere by Vehumet.
 14824 | D:11     | Learned a level 5 spell: Iskenderun's Battlesphere
 15618 | D:11     | Learned a level 4 spell: Iskenderun's Mystic Blast
 15770 | Lair:1   | Entered Level 1 of the Lair of Beasts
 15838 | Lair:1   | Reached skill level 1 in Fighting
 15871 | Lair:1   | Reached skill level 1 in Translocations
 15875 | Lair:1   | Reached skill level 1 in Long Blades
 15875 | Lair:1   | Reached skill level 1 in Shields
 16430 | Lair:1   | Reached ***** piety under Vehumet
 16750 | Lair:2   | Offered knowledge of Fulminant Prism by Vehumet.
 17021 | Lair:2   | Reached skill level 10 in Dodging
 17140 | Lair:2   | Found a hole to the Spider Nest.
 17629 | Lair:2   | Learned a level 5 spell: Lee's Rapid Deconstruction
 17778 | Lair:3   | Reached XP level 13. HP: 68/68 MP: 30/30
 17957 | Lair:3   | Found a hide-covered altar of Uskayaw.
 17958 | Lair:3   | Found an ornate altar of the Wu Jian Council.
 18106 | Lair:3   | Found a staircase to the Swamp.
 18399 | Lair:3   | Identified a scroll of acquirement
 18417 | Lair:4   | Identified the +4 great mace "Xyluss" {heavy, rF+}
 18649 | Lair:4   | Identified the +10 sling "Pyjen" {antimagic, rPois rN+}
 18766 | Lair:4   | Noticed Sonja
 18779 | Lair:4   | Killed Sonja
 18829 | Lair:4   | Found a staircase to the Slime Pits.
 18855 | Lair:4   | Learned a level 5 spell: Freezing Cloud
 19568 | Lair:5   | Entered Level 5 of the Lair of Beasts
 20729 | Lair:5   | Reached skill level 10 in Conjurations
 20729 | Lair:5   | Reached XP level 14. HP: 76/76 MP: 32/32
 20730 | Lair:5   | Offered knowledge of Iron Shot by Vehumet.
 20745 | Lair:5   | Learned a level 6 spell: Iron Shot
 21171 | Orc:1    | Entered Level 1 of the Orcish Mines
 21284 | Orc:1    | Noticed an orc warlord
 21289 | Orc:1    | Killed an orc warlord
 21338 | Orc:1    | Found Dicwapogea's Jewellery Boutique.
 21483 | Orc:1    | Noticed Erica
 21488 | Orc:1    | Killed Erica
 21680 | Orc:1    | Found a runed translucent gate.
 21680 | Orc:1    | Found a runed translucent gate.
 21680 | Orc:1    | Found a runed translucent gate.
 21681 | Orc:1    | Found an iron altar of Okawaru.
 21681 | Orc:1    | Noticed Beavis's ghost (journeyman NaFE)
 21845 | Orc:2    | Entered Level 2 of the Orcish Mines
 21884 | Orc:2    | Reached ****** piety under Vehumet
 22298 | Orc:2    | Offered knowledge of Arcjolt by Vehumet.
 22330 | Orc:2    | Noticed an orc warlord
 22550 | Orc:2    | Killed an orc warlord
 22711 | Orc:2    | Found a staircase to the Elven Halls.
 22926 | Orc:2    | Reached skill level 5 in Fighting
 23061 | Orc:2    | Found Vobbij's General Store.
 23062 | Orc:2    | Found Orrom's Jewellery Emporium.
 23064 | Orc:2    | Found Qixtoer's Antique Armour Shoppe.
 23064 | Orc:2    | Found Lemuzor's Antique Weapon Shoppe.
 23090 | Orc:2    | Bought a pair of ichor-stained gloves for 304 gold pieces
 23090 | Orc:2    | Identified the +0 pair of gloves of Impatience {Harm rElec
                  | rC+ Dex+3} (You bought it in a shop on level 2 of the
                  | Orcish Mines)
 23310 | Orc:2    | Bought a +2 cloak of stealth for 387 gold pieces
 23501 | D:12     | Noticed Josephine
 23506 | D:12     | Killed Josephine
 23507 | D:12     | Reached skill level 5 in Shields
 23509 | D:12     | Reached skill level 5 in Armour
 24719 | D:13     | Offered knowledge of Ozocubu's Refrigeration by Vehumet.
 24793 | D:13     | Found Ymymnosuh's Armour Shop.
 24933 | D:13     | Found a gate to the Vaults.
 24945 | D:13     | HP: 3/78 [spore (30)]
 24946 | D:13     | Engulfed by a cloud of flame

Illustrated notes

Levels and vault maps discovered:
D:1:      dpeg_arrival_water_fire, layout_basic
D:2:      kennysheep_big_flooded_room, layout_basic
D:3:      layout_basic, basic_ecumenical_altar, minmay_randomly_rotated_circles,
          uniq_grinder
D:4:      layout_gridville, nicolae_kite_square_tiling_tiny
D:5:      minmay_clustersquares, layout_loops_ring
D:6:      layout_gridville
D:7:      layout_basic, minmay_temple_entry_antechambers,
          nicolae_ossuary_entry_plus, kennysheep_nondescript,
          chequers_serial_rivers_large_b, uniq_duvessa
D:8:      layout_basic, uniq_maurice
D:9:      minmay_the_grid_net [minmay_the_grid_medium_cups,
          minmay_the_grid_large_cup, minmay_the_grid_odd_star,
          minmay_the_grid_spin_star, minmay_the_grid_spikes,
          minmay_the_grid_prize_four_corners_diamond_a], layout_loops_cross,
          hiddenorc1_lemuel, uniq_harold, uniq_grum, uniq_maggie
D:10:     layout_loops_ring, slow_altar_2, nicolae_ru_path_of_blood,
          due_lair_maze_entry_diamond, serial_shops, shop, uniq_urug
D:11:     layout_irregular_city, hangedman_decor_slide_cut
D:12:     layout_cave_pods, uniq_josephine
D:13:     layout_loops_ring, lightli_vaults_fourway_checkpoint, serial_shops,
          nicolae_shop_hallway_plus
Temple:   nicolae_temple_slightly_damp_pantheon
Lair:1:   layout_misc_corridors
Lair:2:   layout_chaotic_city, nicolae_spider_entry_non_spiders,
          grunt_megastairs_1
Lair:3:   layout_roguey, minmay_swamp_entry_reptiles,
          nzn_masters_of_martial_movement, serial_bayou_shore_a,
          infiniplex_staircase_pool_2
Lair:4:   layout_cave_pods, nicolae_slime_entry_slimehenge, uniq_sonja
Lair:5:   minmay_lair_end_frog_pond, layout_cellular_growth
Orc:1:    layout_caves, gammafunk_ghost_fury_of_okawaru, serial_shops, shop,
          uniq_erica
Orc:2:    st_orc_congregation, layout_caves, basic_altar

Skill      XL: |  1  2  3  4  5  6  7  8  9 10 11 12 13 14 |
---------------+-------------------------------------------+-----
Conjurations   | 1 2 3 4 5 6 7 8 10 | 10.9
Earth Magic    | 4 5 7 8 10 11 12 13 | 13.9
Stealth        | 3 4 5 7 8 10 11 12 13 | 13.1
Dodging        | 3 4 5 6 8 9 10 11 12 | 12.1
Armour         | 1 2 3 4 5 |  5.0
Evocations     | 1 2 3 |  3.0
Throwing       | 1 2 3 |  3.0
Staves         | 1 2 |  2.0
Spellcasting   | 4 5 7 8 10 11 12 13 | 13.2
Transmutations | 3 |  3.0
Ice Magic      | 2 3 |  3.0
Air Magic      | 2 3 |  3.0
Fighting       | 2 4 5 |  5.6
Translocations | 3 |  3.0
Long Blades    | 2 |  2.0
Shields        | 2 4 5 |  5.0

Action                     |  1- 3 |  4- 6 |  7- 9 | 10-12 | 13-15 || total
---------------------------+-------+-------+-------+-------+-------++-------
  Melee: Unarmed           |     1 |       |       |       |       ||     1
         Staff             |       |     3 |     2 |       |       ||     5
  Throw: Dart              |       |     3 |     4 |    11 |     4 ||    22
   Cast: Sandblast         |    55 |    53 |    96 |    53 |    16 ||   273
         Magic Dart        |       |    45 |    61 |   159 |   273 ||   538
         Stone Arrow       |       |       |    54 |   355 |   385 ||   794
         Iskenderun's Batt |       |       |       |     1 |    47 ||    48
         Lee's Rapid Decon |       |       |       |       |     5 ||     5
         Freezing Cloud    |       |       |       |       |     8 ||     8
  Evoke: Wand              |       |       |       |     1 |       ||     1
    Use: Scroll            |       |    12 |     5 |    15 |     3 ||    35
         Potion            |       |     2 |     1 |       |       ||     3
   Stab: Sleeping          |       |       |     1 |       |       ||     1
 Armour: Robe              |     7 |    13 |    29 |       |       ||    49
         Steam dragon scal |       |       |     8 |     1 |       ||     9
         Leather armour    |       |       |       |    49 |    21 ||    70
  Dodge: Dodged            |     8 |    26 |    51 |   153 |    81 ||   319
  Block: Buckler           |       |       |       |       |    12 ||    12

Table legend: (Time is in decaauts)
 A = Elapsed time spent in this place.
 B = Non-inter-level travel time spent in this place.
 C = Inter-level travel time spent in this place.
 D = Time resting spent in this place.
 E = Time spent auto-exploring this place.
 F = Levels seen in this place.
 G = Mean time per level.
                   A        B        C        D        E       F      G
               +--------+--------+--------+--------+--------+-----+--------+
         Total |  25174 |  23333 |   1841 |   3012 |  15432 |  21 | 1198.8 |
       Dungeon |  17446 |  16095 |   1351 |   2441 |  10367 |  13 | 1342.0 |
        Temple |    178 |    160 |     18 |      0 |    133 |   1 |  178.0 |
          Lair |   5404 |   5163 |    241 |    342 |   3771 |   5 | 1080.8 |
  Orcish Mines |   2144 |   1914 |    230 |    228 |   1161 |   2 | 1072.0 |
               +--------+--------+--------+--------+--------+-----+--------+

Top non-repeatable levels by time:
     D:9: 2720 daAuts
     D:8: 2257 daAuts
     D:5: 1668 daAuts
   Orc:2: 1478 daAuts
  Lair:5: 1471 daAuts
    D:11: 1401 daAuts
     D:7: 1357 daAuts
     D:4: 1275 daAuts
  Lair:4: 1203 daAuts
    D:10: 1108 daAuts
     D:6: 1089 daAuts
     D:1: 1049 daAuts
  Lair:1: 1041 daAuts
     D:2: 980 daAuts
     D:3: 957 daAuts
